 Dungeon Sprint DCSS version 0.20.1-1-g8b1a95d (console) character file.

12733 hilaritas the Peltast (level 11, -18/63 HPs)
             Began as a Vine Stalker Fighter on Aug 10, 2017.
             Was a Follower of Uskayaw.
             Demolished by a reaper
             ... wielding a +3 vampiric scythe
              (24 damage)
             ... in the Dungeon (Sprint V: "Ziggurat Sprint").
             The game lasted 00:07:06 (499 turns).

hilaritas the Peltast (Vine Stalker Fighter)         Turns: 499, Time: 00:07:08

Health: -18/63     AC: 23    Str: 34    XL:     11   Next: 98%
Magic:  0/21       EV:  3    Int:  8    God:    Uskayaw [*.....]
Gold:   0          SH: 33    Dex: 14    Spells: 7/10 levels left

rFire    + . .     SeeInvis +   y - +14 obsidian axe {chop, +Fly SInv *Curse} (curse)
rCold    + + .     Gourm    .   z - +18 shield of the Gong {rElec rN+ MR+ EV-5}
rNeg     + . .     Faith    .   A - +5 gold dragon scales
rPois    +         Spirit   +   (no helmet)
rElec    +         Reflect  .   (no cloak)
rCorr    .         Harm     .   (no gloves)
MR       ++...     NoTele   +   Q - +0 pair of boots of a bazaar {+Blink rC+} (curse)
Stlth    ..........             (no amulet)
Regen    0.6/turn               t - +6 ring of strength
MPRegen  0.2/turn               u - +6 ring of strength

@: mesmerised
A: fangs 3, talons 1, deterioration 1, regeneration 1, electricity resistance,
magic shield, antimagic bite, no potion heal 3, rot immunity
a: Stomp, Renounce Religion, Evoke Blink, Evoke Flight


You were in the Dungeon.
You worshipped Uskayaw.
Uskayaw was pleased with you.
You were not hungry.

You visited 1 branch

Inventory:

Hand Weapons
 x - the +6 shillelagh "Devastator" {shatter}
   (You found it in the Dungeon)
 y - the cursed +14 obsidian axe (weapon) {chop, +Fly SInv *Curse}
   (You found it in the Dungeon)

   It inflicts extra damage upon your enemies.
   It lets you see invisible.
   It lets you fly.
   It curses itself when equipped.
   It has a curse placed upon it.
 R - a +3 hand axe of flaming
Armour
 z - the +18 shield of the Gong (worn) {rElec rN+ MR+ EV-5}
   (You found it in the Dungeon)

   It affects your evasion (-5).
   It insulates you from electricity.
   It protects you from negative energy.
   It affects your resistance to hostile enchantments.
 A - +5 gold dragon scales (worn)
 Q - the cursed +0 pair of boots of a bazaar (worn) {+Blink rC+}
   (You found it in the Dungeon)

   It protects you from cold.
   It lets you blink.
   It has a curse placed upon it.
Jewellery
 a - the ring of the Shining Light {Str+3 Dex+2}
   (You found it in the Dungeon)

   [ring of dexterity]

   It affects your strength (+3).
   It affects your dexterity (+2).
 p - a +6 ring of dexterity
 q - a +6 ring of dexterity
 r - a +6 ring of intelligence
 s - a +6 ring of intelligence
 t - a +6 ring of strength (left hand)
 u - a +6 ring of strength (right hand)
 v - an uncursed ring of flight
 C - a +1 ring of protection
 N - an uncursed ring of resist corrosion
 P - an uncursed ring of ice
Wands
 l - a wand of disintegration (7/24)
 m - a wand of iceblast (5/15)
 n - a wand of lightning (5/15)
 o - a wand of acid (5/15)
Scrolls
 k - 4 scrolls of blinking
 E - 4 scrolls of amnesia
 F - 3 scrolls of recharging
 G - 7 scrolls of fog
 H - a scroll of holy word
 I - 5 scrolls of identify
 J - 5 scrolls of remove curse
 K - 2 scrolls of fear
Potions
 b - 2 potions of brilliance
 c - 2 potions of invisibility
 d - 7 potions of might
 e - 9 potions of curing
 h - 6 potions of haste
 i - 7 potions of magic
 j - 3 potions of berserk rage
 B - 4 potions of resistance
 D - 5 potions of agility
Miscellaneous
 w - a lightning rod (4/4)
 O - a fan of gales
 S - a box of beasts
 T - a phial of floods
Comestibles
 f - 5 bread rations
 g - 6 chunks of flesh
 L - 42 fruits
 M - 4 meat rations


   Skills:
 - Level 10.2 Fighting
 - Level 11.9 Axes
 - Level 10.1 Armour
 * Level 3.8 Dodging
 + Level 15.1 Shields
 * Level 12.4 Invocations
 * Level 4.1 Evocations


You had 7 spell levels left.
You knew the following spells:

 Your Spells              Type           Power        Failure   Level  Hunger
a - Regeneration          Chrm/Necr      #.........   100%        3    ####...


Dungeon Overview and Level Annotations

Branches:
Dungeon (1/1)

Altars:
Ashenzari
Cheibriados
Dithmenos
Elyvilon
Fedhas
Gozag
Hepliaklqana
Kikubaaqudgha
Makhleb
Nemelex Xobeh
Okawaru
Qazlal
Ru
Sif Muna
Trog
Uskayaw
Vehumet
Xom
Yredelemnul
Zin
The Shining One
Beogh
Jiyva
Lugonu

Annotations:
D 1 transporter


Innate Abilities, Weirdness & Mutations

You have razor-sharp teeth.
Your natural rate of healing is unusually fast.
When hurt, damage is shared between your health and your magic reserves.
Your bite disrupts and absorbs the magic of your enemies.
Potions cannot restore your health.
You are immune to rotting.
You have sharp toenails.
Your body sometimes deteriorates upon taking damage.
You are resistant to electric shocks. (rElec)


Message History

The tormentor hits you but does no damage.
You block the ice devil's attack.
PTOANNNG!
Your sun demon hits the tormentor.
The tormentor is engulfed in flames.
The tormentor resists.
You block the tormentor's attack.
BOUMMMMG!
The tormentor hits you but does no damage.
The reaper hits you with a scythe of flaming!!
* * * LOW HITPOINT WARNING * * *
The reaper burns you!
* * * LOW HITPOINT WARNING * * *
You slash the tormentor! You bite the tormentor.
The tormentor's magic leaks into the air.
You drain its magic.
You feel invigorated.
You kill the tormentor!
You hit the reaper but do no damage. You slash the ice devil!
You block the ice devil's attack.
SHROANNG!
The reaper hits you from afar with a vampiric scythe!!
You die...

▓.........▓.......▓
▓▓▓▓▓▓▓▓▓▓▓▓▓▓▓▓▓▓▓▓▓
▓...8©8...▓...8©8...▓
▓..}.::[..▓..}:):|..▓
▓..}|:?:..▓....):[..▓
▓....M....▓.........▓
▓...25Z...▓.........▓
▓..524....▓....†....▓
▓..34@....▓...))....▓
▓.....3...▓...).|...▓
▓.▓.....▓.▓...).....▓
▓.........▓▓▓▓▓▓▓▓▓▓▓
▓▓▓▓▓▓▓▓▓▓▓


You could see 2 reapers, an ice devil, a mummy, 2 iron imps, a jackal skeleton,
a friendly sun demon, a friendly rust devil and a friendly sixfirhy.

Vanquished Creatures
  2 vault guards (D)
  A centaur warrior (D)
  A dancing weapon (D)
  A spriggan druid (D)
  An ironbrand convoker (D)
  2 deep elf magi (D)
  4 draconians (D)
  A shining eye (D)
  A vault sentinel (D)
  A spiny frog (shapeshifter) (D)
  2 yaktaurs (D)
  A tormentor (D)
  2 slime creatures (D)
  2 spriggans (D)
  2 water elementals (D)
  A fire bat (shapeshifter) (D)
  A neqoxec (D)
  2 floating eyes (D)
  2 black bears (D)
  An eye of draining (D)
  A centaur (D)
  An earth elemental (D)
  A jelly (D)
  3 oozes (D)
  A bat zombie (D)
38 creatures vanquished.

Vanquished Creatures (collateral kills)
  A rakshasa (D)
  2 dancing weapons (D)
  An orb spider (shapeshifter) (D)
  A draconian (D)
  3 deep elf magi (D)
  A rust devil (D)
  A vault sentinel (D)
  A hornet (D)
  2 spriggans (D)
  A golden eye (D)
  2 neqoxecs (D)
  A black bear (D)
  A wolf (D)
  A centaur (D)
19 creatures vanquished.

Vanquished Creatures (others)
  A queen bee (shapeshifter) (D)
1 creature vanquished.

Grand Total: 58 creatures vanquished

Notes
Turn   | Place    | Note
-------+----------+-------------------------------------------
     0 | D        | hilaritas the Vine Stalker Fighter began the quest for the Orb.
     0 | D        | Reached XP level 1. HP: 11/11 MP: 2/2
     0 | D        | Found a deep blue altar of Sif Muna.
     0 | D        | Found a bloodstained altar of Trog.
     0 | D        | Found a sacrificial altar of Ru.
     0 | D        | Found a stormy altar of Qazlal.
     0 | D        | Found an iron altar of Okawaru.
     8 | D        | Became a worshipper of Uskayaw the Reveler
    12 | D        | Found a sparkling altar of Nemelex Xobeh.
    14 | D        | Found a corrupted altar of Lugonu.
    14 | D        | Found an ancient bone altar of Kikubaaqudgha.
    14 | D        | Found a burning altar of Makhleb.
    14 | D        | Found a transporter.
    14 | D        | Found a viscous altar of Jiyva.
    14 | D        | Found a hazy altar of Hepliaklqana.
    40 | D        | Found an opulent altar of Gozag.
    41 | D        | Found a blossoming altar of Fedhas.
    89 | D        | Reached skill level 7 in Shields
    89 | D        | Reached XP level 2. HP: 16/16 MP: 3/3
    98 | D        | Entered arena 2.
    98 | D        | Noticed an ironbrand convoker
    98 | D        | Noticed a centaur warrior
    98 | D        | Found a transporter.
   100 | D        | Reached * piety under Uskayaw
   101 | D        | Reached ** piety under Uskayaw
   102 | D        | Killed an ironbrand convoker
   102 | D        | Reached XP level 3. HP: 3/19 MP: 0/4
   102 | D        | Gained mutation: Your natural rate of healing is unusually fast. [Vine Stalker growth]
   102 | D        | Reached XP level 4. HP: 3/23 MP: 0/5
   102 | D        | Reached XP level 5. HP: 4/27 MP: 0/6
   102 | D        | Reached XP level 6. HP: 5/32 MP: 0/7
   102 | D        | Reached XP level 7. HP: 5/35 MP: 0/8
   103 | D        | Killed a centaur warrior
   103 | D        | Reached skill level 8 in Shields
   103 | D        | Gained mutation: You have razor-sharp teeth. [Vine Stalker growth]
   103 | D        | Reached XP level 8. HP: 6/45 MP: 0/11
   103 | D        | Reached *** piety under Uskayaw
   192 | D        | Entered arena 3.
   192 | D        | Noticed a water elemental
   192 | D        | Noticed a dire flail of protection
   192 | D        | Found a transporter.
   194 | D        | Killed a dire flail of protection
   194 | D        | Reached skill level 5 in Armour
   194 | D        | Reached skill level 9 in Shields
   194 | D        | Reached skill level 5 in Invocations
   194 | D        | Reached XP level 9. HP: 51/51 MP: 11/14
   216 | D        | Entered arena 4.
   216 | D        | Found a transporter.
   237 | D        | Learned a level 3 spell: Regeneration
   238 | D        | Entered arena 5.
   238 | D        | Noticed a yaktaur
   238 | D        | Noticed a yaktaur
   238 | D        | Found a transporter.
   244 | D        | Killed a yaktaur
   245 | D        | Killed a yaktaur
   245 | D        | Reached skill level 10 in Fighting
   245 | D        | Reached skill level 10 in Shields
   245 | D        | Reached **** piety under Uskayaw
   317 | D        | Entered arena 6.
   317 | D        | Noticed a draconian
   317 | D        | Noticed a draconian
   317 | D        | Noticed a draconian
   317 | D        | Noticed a draconian
   317 | D        | Noticed a draconian
   317 | D        | Found a transporter.
   323 | D        | Killed a draconian
   324 | D        | Killed a draconian
   324 | D        | Reached XP level 10. HP: 58/59 MP: 14/16
   325 | D        | Killed a draconian
   325 | D        | Reached skill level 11 in Shields
   325 | D        | Reached ***** piety under Uskayaw
   326 | D        | Killed a draconian
   329 | D        | Killed a draconian
   342 | D        | Entered arena 7.
   343 | D        | Found a transporter.
   362 | D        | Entered arena 8.
   362 | D        | Noticed a vault guard
   362 | D        | Noticed a vault guard
   362 | D        | Noticed a rakshasa
   362 | D        | Noticed a vault sentinel
   362 | D        | Noticed a spiny frog
   362 | D        | Noticed a vault sentinel
   363 | D        | Found a transporter.
   366 | D        | Killed a spiny frog
   366 | D        | Reached skill level 12 in Shields
   366 | D        | Killed a vault sentinel
   369 | D        | Killed a vault guard
   369 | D        | Reached skill level 10 in Invocations
   369 | D        | Killed a vault sentinel
   369 | D        | Killed a vault guard
   369 | D        | Reached skill level 13 in Shields
   369 | D        | Reached XP level 11. HP: 61/63 MP: 19/19
   369 | D        | Killed a rakshasa
   382 | D        | Got the cursed +0 pair of boots of a bazaar {+Blink rC+}
   394 | D        | Entered arena 9.
   394 | D        | Noticed an orb spider
   394 | D        | Noticed a shining eye
   395 | D        | Found a transporter.
   395 | D        | Gained mutation: You are resistant to electric shocks. (rElec) [a neqoxec]
   399 | D        | Gained mutation: You have sharp toenails. [a shining eye]
   399 | D        | Gained mutation: Your body sometimes deteriorates upon taking damage. [a neqoxec]
   400 | D        | Killed a shining eye
   403 | D        | Killed an orb spider
   410 | D        | Got the ring of the Shining Light {Str+3 Dex+2}
   419 | D        | Entered arena 10.
   419 | D        | Noticed a scimitar of electrocution
   419 | D        | Noticed a deep elf mage
   419 | D        | Noticed a deep elf mage
   419 | D        | Noticed a deep elf mage
   419 | D        | Noticed a deep elf mage
   419 | D        | Noticed a flail of draining
   419 | D        | Noticed a deep elf mage
   420 | D        | Found a transporter.
   424 | D        | Killed a deep elf mage
   424 | D        | Reached skill level 10 in Armour
   424 | D        | Killed a scimitar of electrocution
   424 | D        | Reached skill level 14 in Shields
   426 | D        | Killed a deep elf mage
   427 | D        | Killed a deep elf mage
   427 | D        | Reached skill level 1 in Dodging
   427 | D        | Reached skill level 1 in Evocations
   429 | D        | Killed a flail of draining
   432 | D        | Killed a deep elf mage
   434 | D        | Killed a deep elf mage
   444 | D        | Identified Sif Muna's Reference Book on Boosting Bewitchment (You found it in the Dungeon)
   457 | D        | Entered arena 11.
   457 | D        | Noticed a spriggan druid
   457 | D        | Noticed a spriggan rider
   463 | D        | Killed a spriggan druid
   468 | D        | Found a transporter.
   493 | D        | Entered arena 12.
   493 | D        | Noticed a reaper
   494 | D        | Noticed a reaper
   496 | D        | Found a transporter.
   497 | D        | Reached skill level 15 in Shields
   499 | D        | Demolished by a reaper

Skill      XL: |  1  2  3  4  5  6  7  8  9 10 11 |
---------------+----------------------------------+-----
Shields        | 7 8 9 10 13 15 | 15.1
Axes           | 11 | 11.9
Fighting       | 6 8 10 | 10.2
Armour         | 4 5 7 9 10 | 10.1
Invocations    | 3 5 7 10 12 | 12.4
Dodging        | 3 |  3.8
Evocations     | 4 |  4.1

Action                   |  1- 3 |  4- 6 |  7- 9 | 10-12 || total
-------------------------+-------+-------+-------+-------++-------
Melee: Broad axe         |     3 |       |    21 |    39 ||    63
       Bite              |     1 |       |     5 |    16 ||    22
  Use: Potion            |     1 |       |       |     1 ||     2
 Stab: Paralysed         |       |       |     6 |     6 ||    12
Armor: Gold dragon scale |     1 |       |     6 |    14 ||    21
Dodge: Dodged            |       |       |       |     2 ||     2
Block: Shield            |     7 |       |    33 |    59 ||    99
